 Dungeon Crawl Stone Soup version 0.19.5 (webtiles) character file.

147049 Peloso the Peltast (level 16, 0/150 HPs)
             Began as a Minotaur Fighter on May 16, 2017.
             Was the Champion of Okawaru.
             Slain by a wolf spider (15 damage)
             ... on level 3 of the Lair of Beasts.
             The game lasted 01:18:03 (24717 turns).

Peloso the Peltast (Minotaur Fighter)              Turns: 24717, Time: 01:18:04

Health: 0/150      AC: 30    Str: 27    XL:     16   Next: 91%
Magic:  7/7        EV:  7    Int:  5    God:    Okawaru [******]
Gold:   1154       SH:  0    Dex: 20    Spells: 0 memorised, 16 levels left

rFire  . . .     SeeInvis +       - Unarmed
rCold  . . .     Gourm    +     E - +5 plate armour of Idem {MP-9 Str+2 Dex+7 SInv}
rNeg   . . .     Faith    .     z - +0 shield {rPois}
rPois  +         Spirit   .     O - +1 hat
rElec  .         Reflect  .     P - +1 cloak {rPois}
rCorr  .         Harm     .     K - +0 pair of gloves
MR     ++...                    n - +1 pair of boots of Hysteria {+Fly}
Stlth  ..........               W - amulet of the gourmand
                                N - +4 ring of evasion
                                p - ring of protection from magic

@: held
A: retaliatory headbutt, horns 2
a: Heroism, Finesse, Renounce Religion, Evoke Flight


You were on level 3 of the Lair of Beasts.
You worshipped Okawaru.
Okawaru was exalted by your worship.
You were very full.

You visited 5 branches of the dungeon, and saw 25 of its levels.
You also visited: Sewer and Ossuary.

You collected 2261 gold pieces.
You spent 1107 gold pieces at shops.

Inventory:

Hand Weapons
 a - the +2 double sword of Ru's Indignation {freeze, Str+3 Int+6}
   (You acquired it on level 1 of the Lair of Beasts)

   It has been specially enchanted to freeze those struck by it, causing extra
   injury to most foes and up to half again as much damage against particularly
   susceptible opponents.
   It can also slow down cold-blooded creatures.
   It affects your strength (+3).
   It affects your intelligence (+6).
 w - a +3 scimitar of flaming
Armour
 n - the +1 pair of boots of Hysteria (worn) {+Fly}
   (You acquired it on level 14 of the Dungeon)

   It lets you fly.
 r - the +10 plate armour of This Worked Last Time {MR+++ Int-3 Dex-5 Slay+5}
   (Okawaru gifted it to you on level 1 of the Lair of Beasts)

   It affects your intelligence (-3).
   It affects your dexterity (-5).
   It affects your accuracy and damage with ranged weapons and melee attacks
   (+5).
   It affects your resistance to hostile enchantments.
 z - a +0 shield of poison resistance (worn)
 E - the +5 plate armour of Idem (worn) {MP-9 Str+2 Dex+7 SInv}
   (You bought it in a shop on level 2 of the Orcish Mines)

   It affects your strength (+2).
   It affects your dexterity (+7).
   It affects your magic capacity (-9).
   It lets you see invisible.
 K - a +0 pair of gloves (worn)
 O - a +1 hat (worn)
 P - a +1 cloak of poison resistance (worn)
Jewellery
 p - a ring of protection from magic (left hand)
 N - a +4 ring of evasion (right hand)
 W - an amulet of the gourmand (around neck)
Wands
 J - a wand of digging (7/24)
 U - a wand of teleportation (3/9)
Scrolls
 b - 5 scrolls of identify
 i - 3 scrolls of recharging
 k - 3 scrolls of fear
 t - 11 scrolls of remove curse
 y - 4 scrolls of blinking
 F - 9 scrolls of teleportation
 S - 4 scrolls of magic mapping
Potions
 d - 14 potions of curing
 g - 6 potions of agility
 o - 9 potions of heal wounds
 v - 3 potions of resistance
 A - 3 potions of haste
 B - 3 potions of flight
 D - 2 potions of invisibility
 T - 2 potions of might
Comestibles
 f - 11 bread rations
 j - 10 meat rations
 u - 9 beef jerkies
 L - 4 slices of pizza
 V - 7 royal jellies
 Z - 12 fruits


   Skills:
 + Level 15.7 Fighting
 + Level 17.7 Long Blades
 + Level 1.3 Throwing
 + Level 15.3 Armour
 + Level 3.4 Dodging
 + Level 2.4 Stealth
 + Level 18.4 Shields
 + Level 1.5 Unarmed Combat
 + Level 0.8 Spellcasting
 + Level 2.2 Invocations
 + Level 2.3 Evocations


You had 16 spell levels left.
You didn't know any spells.

Dungeon Overview and Level Annotations

Branches:
Dungeon (15/15)            Temple (1/1) D:7            Lair (6/6) D:11
 Shoals (0/4) Lair:3       Spider (1/4) Lair:3        Slime (0/5) Lair:5
    Orc (2/2) D:10            Elf (0/3) Orc:2        Vaults (0/5) D:13
 Depths (0/5) D:15

Altars:
Cheibriados
Dithmenos
Elyvilon
Gozag
Hepliaklqana
Makhleb
Nemelex Xobeh
Okawaru
Qazlal
Ru
Sif Muna
Vehumet
Xom
The Shining One
Beogh
Jiyva

Shops:
D:9 }   Orc:2 *?}[

Portals:
Pandemonium: Orc:2

Annotations:
Lair:4 exclusion: oklob plant


Innate Abilities, Weirdness & Mutations

You reflexively headbutt those who attack you in melee.
You have a pair of horns on your head.


Message History

The tarantella barely misses you.
There is a web here.
Unknown command.
You struggle to detach yourself from the web.
The wolf spider hits you.
* * * LOW HITPOINT WARNING * * *
The wolf spider bites you but does no damage.
The tarantella bites you but does no damage.
The wolf spider closely misses you.
The wolf spider bites you but does no damage.
You disentangle yourself.
You block the tarantella's attack. The wolf spider hits you!
* * * LOW HITPOINT WARNING * * *
The wolf spider bites you but does no damage.
You block the tarantella's attack.
Unknown command.
You are caught in the web!
The tarantella bites you but does no damage.
The wolf spider hits you!
You die...

#.P...#..#####.####..#.#.....#.#≈
.....##....##).................##
.....#......................#...#
...............^.....P...........
..P.......#........^.#...........
P...#.#...##.........#...........
.....#....##.^..^###.............
..(.###....#^^^s^^###............
....# ##....#^>s@###.#...........
#[P.# ##......^^##...#....###....
#.#.###..#.^...##..........##..##
#...#....#.^..........).......P##
#........##^^..................#≈
#....#....#^##...^............##≈
#.P##......##................###≈
...##........................P###
...#...<.........†..............#


You could see a wolf spider and a tarantella.

Vanquished Creatures
  A dire elephant (D:15)
  A great orb of eyes (D:15)
  An ogre mage (D:15)
  Harold (D:11)
  Fannar (Lair:3)
  The ghost of raetorn the Carver, a journeyman VSGl of the Shining One (D:13)
  A ghost crab (shapeshifter) (D:13)
  Erica (D:9)
  9 hydras
  3 centaur warriors
  4 catoblepae
  A death knight (D:15)
  21 death yaks
  A deep troll earth mage (D:13)
  6 orc high priests (Orc:2)
  Sonja (D:13)
  3 skeletal warriors (D:12)
  2 unseen horrors
  An infernal demonspawn (Orc:2)
  A wizard (D:15)
  7 hill giants
  The ghost of Schimscham the Magician, a novice OpWz of Sif Muna (D:8)
  5 orc knights
  2 oklob plants
  A lindwurm (Lair:5)
  13 ugly things
  A wolf spider (Lair:3)
  4 deep elf magi
  A salamander (D:15)
  3 cyclopes
  5 orc sorcerers (Orc:2)
  11 slime creatures (D:15)
  A siren (Lair:3)
  6 elephants (Lair:6)
  3 centaur zombies
  2 rust devils (Orc:2)
  2 gargoyles
  3 black mambas
  2 torpor snails
  9 spiny frogs
  A kobold demonologist (D:15)
  A yaktaur (D:15)
  An efreet (D:13)
  2 centaur skeletons
  7 komodo dragons
  A yaktaur (shapeshifter) (D:15)
  A troll (shapeshifter) (D:13)
  A red devil (Orc:2)
  6 meliai
  7 trolls
  A queen bee (D:9)
  2 two-headed ogres
  2 hornets
  A harpy skeleton (D:15)
  9 hippogriffs
  23 blink frogs
  24 dream sheep
  A meliai zombie (D:12)
  A shadow (D:13)
  The ghost of McKennaii the Magician, an amateur DEFE (D:4)
  3 redbacks (Lair:3)
  A tarantella (Spider:1)
  2 wyverns
  53 yaks
  A vampire (D:11)
  A wraith (D:15)
  4 basilisks
  16 humans (D:13)
  4 hungry ghosts
  A neqoxec (Orc:2)
  6 vampire mosquitoes
  A chaos spawn (Orc:2)
  A warg (Orc:1)
  Edmund (D:6)
  A mottled dragon (D:13)
  A soldier ant (D:12)
  15 water moccasins
  10 porcupines
  A swamp drake (shapeshifter) (D:14)
  Purgy (Sewer)
  A black bear (D:11)
  5 ice beasts
  A sky beast (D:11)
  2 phantoms
  25 orc warriors
  3 eyes of draining
  17 ogres
  3 necrophages
  A hornet zombie (D:8)
  9 centaurs
  9 wolves
  11 crocodiles
  5 big kobolds
  A big kobold (shapeshifter) (D:13)
  Blork the orc (D:6)
  18 bullfrogs
  A wyvern skeleton (D:11)
  5 scorpions
  14 killer bees (D:9)
  3 howler monkeys
  8 wights
  An electric eel (Lair:1)
  A crimson imp (D:11)
  A quasit (D:11)
  4 hounds
  11 orc wizards
  34 orc priests
  5 jellies
  2 bullfrog skeletons
  11 worker ants
  Terence (D:3)
  4 hell rats (Lair:3)
  A killer bee zombie (D:7)
  A hound zombie (D:7)
  2 hound skeletons
  8 mummies (Ossuary)
  A howler monkey zombie (D:11)
  A worker ant zombie (D:10)
  2 howler monkey skeletons
  12 adders
  3 shadow imps
  12 white imps (D:14)
  An ooze (D:5)
  2 adder skeletons
  An adder zombie (D:9)
  6 dart slugs
  5 worms
  7 leopard geckos
  60 orcs
  3 bats
  4 giant cockroaches
  9 goblins
  7 hobgoblins
  7 iguanas
  14 jackals
  4 quokkas
  7 frilled lizards
  2 gnoll zombies (Ossuary)
  3 hobgoblin zombies (Ossuary)
  33 kobolds
  2 kobold zombies (Ossuary)
  A leopard gecko zombie (D:5)
  An orc zombie (Ossuary)
  A quokka skeleton (D:8)
  6 rats
  3 plants
810 creatures vanquished.

Vanquished Creatures (others)
  An orc priest (Orc:2)
  4 fungi
  4 plants
9 creatures vanquished.

Grand Total: 819 creatures vanquished

Notes
Turn   | Place    | Note
-------+----------+-------------------------------------------
     0 | D:1      | Peloso the Minotaur Fighter began the quest for the Orb.
     0 | D:1      | Reached XP level 1. HP: 19/19 MP: 0/0
     3 | D:1      | You fall through a shaft!
   156 | D:2      | Found a stormy altar of Qazlal.
   163 | D:2      | Reached skill level 4 in Shields
   163 | D:2      | Reached XP level 2. HP: 24/27 MP: 1/1
   501 | D:2      | Reached XP level 3. HP: 34/34 MP: 2/2
  1169 | D:1      | Noticed a hog
  1169 | D:1      | Noticed a salamander
  1169 | D:1      | Noticed a rime drake
  1169 | D:1      | Noticed a lindwurm
  1226 | D:1      | Reached XP level 4. HP: 36/41 MP: 3/3
  1749 | D:3      | Found a burning altar of Makhleb.
  1963 | D:3      | Found a sparkling altar of Nemelex Xobeh.
  2098 | D:3      | Noticed a centaur
  2099 | D:3      | Noticed Terence
  2104 | D:3      | Killed a centaur
  2104 | D:3      | Reached skill level 5 in Fighting
  2104 | D:3      | Reached skill level 5 in Shields
  2104 | D:3      | Reached XP level 5. HP: 33/48 MP: 4/4
  2110 | D:3      | Killed Terence
  2448 | D:4      | Reached XP level 6. HP: 49/56 MP: 5/5
  2485 | D:4      | Found a glowing drain.
  2489 | Sewer    | Entered a sewer
  2505 | Sewer    | Noticed Purgy
  2519 | Sewer    | Killed Purgy
  2519 | Sewer    | Reached skill level 5 in Armour
  2752 | D:4      | Reached skill level 5 in Long Blades
  2823 | D:4      | Found a glowing golden altar of the Shining One.
  2835 | D:4      | Noticed McKennaii's ghost (amateur DEFE)
  2854 | D:4      | Killed McKennaii's ghost
  2854 | D:4      | Reached skill level 6 in Shields
  2854 | D:4      | Reached XP level 7. HP: 57/61 MP: 6/6
  2937 | D:4      | Found a shimmering altar of Xom.
  3311 | D:5      | Entered Level 5 of the Dungeon
  3472 | D:5      | Found a snail-covered altar of Cheibriados.
  3473 | D:5      | Found a hazy altar of Hepliaklqana.
  3908 | D:5      | Reached XP level 8. HP: 50/69 MP: 7/7
  4123 | D:6      | Noticed Blork the orc
  4139 | D:6      | Killed Blork the orc
  4139 | D:6      | Reached skill level 7 in Shields
  4227 | D:6      | Found a sand-covered staircase.
  4238 | D:6      | Noticed Edmund
  4274 | D:6      | Killed Edmund
  4291 | Ossuary  | Entered an ossuary
  4820 | D:6      | Reached skill level 1 in Dodging
  5543 | D:7      | Found a shadowy altar of Dithmenos.
  5554 | D:7      | Found a staircase to the Ecumenical Temple.
  5561 | Temple   | Entered the Ecumenical Temple
  5571 | Temple   | Became a worshipper of Warmaster Okawaru
  5632 | D:7      | Reached XP level 9. HP: 72/78 MP: 6/8
  5748 | D:7      | Reached skill level 8 in Shields
  5762 | D:7      | Found a radiant altar of Vehumet.
  5828 | D:7      | Got a fine hand axe
  5829 | D:7      | Identified the cursed +3 hand axe of Instinct {pain, Str+4 Dex+2} (You found it on level 7 of the Dungeon)
  6136 | D:8      | Noticed Schimscham's ghost (novice OpWz)
  6156 | D:8      | Killed Schimscham's ghost
  6156 | D:8      | Reached * piety under Okawaru
  6156 | D:8      | Reached skill level 10 in Long Blades
  6363 | D:8      | Found a deep blue altar of Sif Muna.
  6760 | D:9      | Noticed Erica
  6791 | D:9      | Killed Erica
  6791 | D:9      | Reached ** piety under Okawaru
  6791 | D:9      | Reached skill level 9 in Shields
  6791 | D:9      | Reached XP level 10. HP: 12/86 MP: 2/9
  7273 | D:9      | Reached skill level 1 in Stealth
  7548 | D:9      | Found a white marble altar of Elyvilon.
  7643 | D:9      | Found Ivaypp's Gadget Shoppe.
  7773 | D:9      | Reached *** piety under Okawaru
  7988 | D:10     | Entered Level 10 of the Dungeon
  8071 | D:10     | Reached skill level 10 in Shields
  8133 | D:10     | Received a gift from Okawaru
  8411 | D:10     | Reached **** piety under Okawaru
  8425 | D:10     | Found a staircase to the Orcish Mines.
  8739 | D:11     | Noticed a white ugly thing
  8740 | D:11     | Reached XP level 11. HP: 95/95 MP: 10/10
  8746 | D:11     | Killed a white ugly thing
  8787 | D:11     | Found a staircase to the Lair.
  8787 | D:11     | Noticed an oklob plant
  8810 | D:11     | Noticed Harold
  8821 | D:11     | Killed Harold
  9027 | D:11     | Noticed a red ugly thing
  9052 | D:11     | Killed a red ugly thing
  9052 | D:11     | Reached skill level 10 in Armour
  9052 | D:11     | Reached skill level 11 in Shields
  9348 | D:11     | Reached ***** piety under Okawaru
  9678 | D:11     | Noticed a deep elf mage
  9686 | D:11     | Killed a deep elf mage
  9762 | D:11     | Noticed a deep elf mage
  9774 | D:10     | Found a radiant altar of Vehumet.
  9805 | D:11     | Killed a deep elf mage
  9863 | D:11     | Paralysed by a hornet for 3 turns
 10042 | D:11     | Killed an oklob plant
 10388 | Lair:1   | Entered Level 1 of the Lair of Beasts
 10388 | Lair:1   | Noticed an eight-headed hydra
 10398 | Lair:1   | Killed a three-headed hydra
 10398 | Lair:1   | Received a gift from Okawaru
 10398 | Lair:1   | Reached skill level 1 in Evocations
 10401 | Lair:1   | Got a distressingly furry plate armour {god gift}
 10412 | Lair:1   | Identified the +10 plate armour of This Worked Last Time {MR+++ Int-3 Dex-5 Slay+5} (Okawaru gifted it to you on level 1 of the Lair of Beasts)
 10648 | Lair:1   | Noticed an oklob plant
 10664 | Lair:1   | Killed an oklob plant
 11407 | Lair:2   | Reached XP level 12. HP: 98/106 MP: 10/12
 11760 | Lair:2   | Reached skill level 10 in Fighting
 12074 | Lair:3   | Reached skill level 12 in Shields
 12372 | Lair:3   | Noticed Fannar
 12380 | Lair:3   | Killed Fannar
 12429 | Lair:3   | Found a staircase to the Shoals.
 12441 | Lair:3   | Received a gift from Okawaru
 12598 | Lair:3   | Found a hole to the Spider Nest.
 12643 | Lair:3   | Noticed a seven-headed hydra
 12651 | Lair:3   | Killed a four-headed hydra
 12772 | Lair:3   | Reached skill level 13 in Shields
 13252 | Lair:4   | Received a gift from Okawaru
 13331 | Lair:4   | Reached ****** piety under Okawaru
 13383 | Lair:4   | Reached XP level 13. HP: 116/116 MP: 13/13
 13819 | Lair:5   | Found a staircase to the Slime Pits.
 13819 | Lair:5   | Found a viscous altar of Jiyva.
 14346 | Lair:4   | Reached skill level 15 in Long Blades
 14353 | Lair:4   | Reached skill level 14 in Shields
 15171 | Lair:5   | Got a slimy mace
 15172 | Lair:5   | Identified the +7 mace "Usamnasch" {pain, Int+6} (You found it on level 5 of the Lair of Beasts)
 15301 | Lair:5   | Identified a scroll of acquirement
 15329 | Lair:6   | Entered Level 6 of the Lair of Beasts
 15335 | Lair:6   | Received a gift from Okawaru
 15557 | Lair:6   | Reached skill level 15 in Shields
 15731 | Lair:6   | Reached XP level 14. HP: 127/127 MP: 11/14
 15787 | Lair:6   | Reached skill level 1 in Invocations
 16623 | Lair:6   | Received a gift from Okawaru
 16765 | Lair:6   | Reached skill level 16 in Shields
 17676 | Lair:1   | Got a dazzling double sword
 17677 | Lair:1   | Identified the +2 double sword of Ru's Indignation {freeze, Str+3 Int+6} (You acquired it on level 1 of the Lair of Beasts)
 17726 | Lair:1   | Reached skill level 1 in Throwing
 17726 | Lair:1   | Reached skill level 1 in Unarmed Combat
 17726 | Lair:1   | Reached XP level 15. HP: 137/137 MP: 15/15
 17808 | D:12     | Received a gift from Okawaru
 18794 | D:13     | Noticed raetorn's ghost (journeyman VSGl)
 18806 | D:13     | Killed raetorn's ghost
 18912 | D:13     | Received a gift from Okawaru
 18912 | D:13     | Reached skill level 17 in Shields
 18949 | D:13     | Reached XP level 16. HP: 146/146 MP: 16/16
 19305 | D:13     | Found a gate to the Vaults.
 19328 | D:13     | Noticed Sonja
 19331 | D:13     | Killed Sonja
 19771 | D:14     | Got a pair of distressingly furry boots
 19782 | D:14     | Identified the +1 pair of boots of Hysteria {+Fly} (You acquired it on level 14 of the Dungeon)
 20081 | D:14     | Reached skill level 15 in Armour
 20835 | D:15     | Entered Level 15 of the Dungeon
 21063 | D:15     | Reached skill level 15 in Fighting
 21128 | D:15     | Found a staircase to the Depths.
 21548 | D:15     | Reached skill level 18 in Shields
 22085 | Orc:1    | Entered Level 1 of the Orcish Mines
 22263 | Orc:2    | Entered Level 2 of the Orcish Mines
 22263 | Orc:2    | Found a roughly hewn altar of Beogh.
 22418 | Orc:1    | Found a roughly hewn altar of Beogh.
 22624 | Orc:2    | Found Doas's Magic Scroll Boutique.
 22626 | Orc:2    | Found Hawuph's General Store.
 23022 | Orc:2    | Received a gift from Okawaru
 23470 | Orc:2    | Found Jiplarcha's Gadget Shoppe.
 23470 | Orc:2    | Found a one-way gate leading to the halls of Pandemonium.
 23470 | Orc:2    | Found Veixavay's Antique Armour Emporium.
 23768 | Orc:2    | Bought a fine plate armour for 980 gold pieces
 23778 | Orc:2    | Identified the +5 plate armour of Idem {MP-9 Str+2 Dex+7 SInv} (You bought it in a shop on level 2 of the Orcish Mines)
 23824 | Orc:2    | Found a staircase to the Elven Halls.
 23884 | Orc:2    | Bought a +0 shield of poison resistance for 127 gold pieces
 24692 | Spider:1 | Entered Level 1 of the Spider Nest
 24717 | Lair:3   | Slain by a wolf spider

Skill      XL: |  1  2  3  4  5  6  7  8  9 10 11 12 13 14 15 16 |
---------------+-------------------------------------------------+-----
Shields        | 4 5 6 7 9 10 11 13 15 16 17 18 | 18.4
Fighting       | 4 5 6 7 8 9 11 12 13 14 15 | 15.7
Armour         | 4 5 6 8 9 11 12 14 15 | 15.3
Long Blades    | 3 4 5 7 9 11 12 14 15 16 17 | 17.7
Dodging        | 1 2 3 |  3.4
Stealth        | 1 2 |  2.4
Evocations     | 1 2 |  2.3
Invocations    | 2 |  2.2
Throwing       | 1 |  1.3
Unarmed Combat | 1 |  1.5
Spellcasting   | |  0.8

Action                   |  1- 3 |  4- 6 |  7- 9 | 10-12 | 13-15 | 16-18 || total
-------------------------+-------+-------+-------+-------+-------+-------++-------
Melee: Long sword        |    71 |   161 |   477 |    47 |       |       ||   756
       Headbutt          |    14 |    22 |   107 |   144 |   142 |   173 ||   602
       Scimitar          |       |       |       |   458 |   397 |    15 ||   870
       Falchion          |       |       |       |   125 |    76 |       ||   201
       Double sword      |       |       |       |       |   149 |   570 ||   719
       Unarmed           |       |       |       |       |       |    19 ||    19
Invok: Heroism           |       |       |     1 |     3 |     9 |     1 ||    14
Evoke: Wand              |       |       |       |    15 |       |       ||    15
  Use: Potion            |       |     1 |       |     2 |     1 |     1 ||     5
       Scroll            |       |       |    23 |     7 |     6 |     6 ||    42
 Stab: Petrified         |       |       |       |       |     1 |       ||     1
  Eat: Chunk             |     1 |     6 |    12 |    22 |    18 |    37 ||    96
       Beef jerky        |       |       |     1 |       |       |       ||     1
       Fruit             |       |       |       |       |       |     2 ||     2
Armor: Scale mail        |    22 |    16 |       |       |       |       ||    38
       Chain mail        |       |    15 |       |       |       |       ||    15
       Plate armour      |       |    82 |   192 |   295 |   470 |   246 ||  1285
Dodge: Dodged            |    18 |    37 |    42 |   153 |   250 |   203 ||   703
Block: Shield            |    33 |   100 |   193 |   387 |   438 |   432 ||  1583
       Rpst.: Long sword |     4 |     7 |    12 |     2 |       |       ||    25
       Scimitar          |       |       |       |    21 |    25 |       ||    46
       Falchion          |       |       |       |    15 |    17 |       ||    32
       Double sword      |       |       |       |       |    11 |    36 ||    47
